 Dungeon Crawl Stone Soup version 0.19-a0-1920-g83281cb (webtiles) character file.

157 kae the Shield-Bearer (level 5, -3/42 HPs)
             Began as a Formicid Fighter on Oct 23, 2016.
             Slain by Sigmund
             ... wielding a +0 scythe
              (9 damage)
             ... on level 3 of the Dungeon.
             The game lasted 00:01:40 (2028 turns).

kae the Shield-Bearer (Formicid Fighter)            Turns: 2028, Time: 00:01:41

Health: -3/42      AC:  6    Str: 27    XL:     5   Next: 66%
Magic:  5/5        EV:  8    Int:  7    God:
Gold:   99         SH:  0    Dex: 10    Spells: 0 memorised, 4 levels left

rFire  . . .     SeeInvis +     a - +0 long sword
rCold  . . .     Gourm    .     b - +0 scale mail
rNeg   . . .     Faith    .     c - +0 shield
rPois  .         Spirit   .     (helmet unavailable)
rElec  .         Reflect  .     (no cloak)
rCorr  .         Harm     .     (no gloves)
MR     .....                    (no boots)
Stlth  ..........               (no amulet)
                                (no ring)
                                (no ring)

@: confused, mighty, drained
A: permanent stasis, dig shafts and tunnels, four strong arms, antennae 3
a: Dig, Shaft Self


You were on level 3 of the Dungeon.
You were not hungry.

You visited 1 branch of the dungeon, and saw 3 of its levels.

You collected 99 gold pieces.

Inventory:

Hand Weapons
 a - a +0 long sword (weapon)
Armour
 b - a +0 scale mail (worn)
 c - a +0 shield (worn)
Jewellery
 n - a +3 ring of dexterity {unknown}
 w - an uncursed amulet of harm {unknown}
Wands
 o - a wand of confusion (33/48)
Scrolls
 e - 3 scrolls of identify {unknown}
 h - 4 scrolls of noise {unknown}
 i - 2 scrolls of teleportation {unknown}
 l - a scroll of amnesia {unknown}
 p - a scroll of enchant weapon {unknown}
 u - 2 scrolls of remove curse {unknown}
Potions
 d - a potion of might
 g - a potion of lignification {unknown}
 m - 3 potions of curing {unknown}
 q - a potion of berserk rage {unknown}
 r - a potion of cure mutation {unknown}
 t - a potion of mutation {unknown}
 v - a potion of brilliance {unknown}
Comestibles
 f - 3 bread rations
 j - a slice of pizza
 k - 4 meat rations
 s - 2 chunks of flesh


   Skills:
 + Level 4.1(3.8) Fighting
 * Level 4.0(3.7) Long Blades
 - Level 3.2(3.0) Armour
 + Level 4.9(4.6) Shields


You had 4 spell levels left.
You didn't know any spells.

Dungeon Overview and Level Annotations

Branches:
Dungeon (3/15)

Altars:
Gozag
Makhleb
The Shining One

Shops:
D:3 *

Annotations:
D:3 Sigmund


Innate Abilities, Weirdness & Mutations

You are under a permanent stasis effect.
You can dig through walls and to a lower floor.
Your four strong arms can wield two-handed weapons with a shield.
You have a pair of large antennae on your head. (SInv)


Message History

Sigmund barely misses you.
You completely miss Sigmund.
Sigmund is lightly wounded.
Sigmund gestures at you while chanting.
You are confused.
Sigmund gestures at you while chanting. The magic dart hits you!
Sigmund gestures at you while chanting. The magic dart hits you!
* * * LOW HITPOINT WARNING * * *
Sigmund gestures at you while chanting.
You are more confused.
Sigmund points at you and mumbles some strange words.
The puff of flame hits you!
* * * LOW HITPOINT WARNING * * *
Sigmund closely misses you.
You slash Sigmund!
Sigmund is heavily wounded.
Sigmund hits you with a scythe!
You die...

....... #......
#.....o #.
#.....# ##......
##########.#####
#. #..........##
...
#.@.......?.#
###
#..@......#.#
### #####.#####
.. #.## #. ##
#..## #.# #
##..###.. ###
##..# #.####..
##.###..##..#
#..###..#.##


You could see Sigmund.

Vanquished Creatures
  A hound (D:3)
  4 adders
  2 oozes (D:1)
  A worm (D:2)
  A dart slug (D:2)
  6 leopard geckos
  6 orcs
  3 ball pythons
  5 giant cockroaches
  9 hobgoblins
  5 bats
  4 frilled lizards
  6 goblins
  5 kobolds
  6 rats
64 creatures vanquished.

Notes
Turn   | Place    | Note
-------+----------+-------------------------------------------
     0 | D:1      | kae the Formicid Fighter began the quest for the Orb.
     0 | D:1      | Reached XP level 1. HP: 18/18 MP: 1/1
    69 | D:1      | Reached XP level 2. HP: 24/24 MP: 2/2
   150 | D:1      | Reached XP level 3. HP: 25/29 MP: 3/3
   684 | D:2      | Reached XP level 4. HP: 37/37 MP: 4/4
   692 | D:2      | Found a faded altar of an unknown god.
   808 | D:2      | Found a glowing golden altar of the Shining One.
  1143 | D:3      | Found a burning altar of Makhleb.
  1609 | D:2      | Reached XP level 5. HP: 19/42 MP: 5/5
  1844 | D:3      | Found an opulent altar of Gozag.
  1844 | D:3      | Found Gozag's Platinum Reserve.
  2016 | D:3      | Noticed Sigmund
  2028 | D:3      | Slain by Sigmund

Vault maps used:
D:1:      saegor_arrival_simple_b
D:2:      lemuel_coloured_pillars_altar, ecumenical_altar_2
D:3:      bloody_makhleb, nicolae_gozag_zags_fifth_avenue, uniq_sigmund

Skill      XL: |  1  2  3  4  5 |
---------------+----------------+-----
Shields        | 4 |  4.9
Long Blades    | 3 4 |  4.0
Fighting       | 4 |  4.1
Armour         | |  3.2

Action                   |  1- 3 |  4- 6 || total
-------------------------+-------+-------++-------
Melee: Long sword        |    96 |   121 ||   217
 Abil: Dig               |       |     1 ||     1
  Use: Potion            |       |     1 ||     1
  Eat: Chunk             |       |     4 ||     4
Armor: Scale mail        |    39 |    55 ||    94
Dodge: Dodged            |    44 |    44 ||    88
Block: Shield            |    53 |    75 ||   128
       Rpst.: Long sword |    15 |    15 ||    30
